 Dungeon Crawl Stone Soup version 0.27-a0-531-gb72ec1a1b6 (webtiles) character file.

Game seed: 16582145150635914410

477 Drevant2 the Slinger (level 7, 0/44 HPs)
             Began as a Halfling Hunter on Mar 5, 2021.
             Slain by a river rat (4 damage)
             ... in a sewer.
             The game lasted 00:08:49 (2646 turns).

Drevant2 the Slinger (Halfling Hunter)              Turns: 2646, Time: 00:08:49

Health: 0/44       AC:  3    Str: 13    XL:     7   Next: 33%
Magic:  7/7        EV: 14    Int:  9    God:
Gold:   177        SH:  0    Dex: 17    Spells: 6/6 levels left

rFire    . . .     SeeInvis .   u - +1 dagger (elec)
rCold    . . .     Faith    .   (shield restricted)
rNeg     . . .     Spirit   .   c - +0 leather armour
rPois    .         Reflect  .   o - +0 hat
rElec    .         Harm     .   (no cloak)
rCorr    .         Rampage  .   (no gloves)
Will     .....                  (no boots)
Stlth    ++........             (no amulet)
HPRegen  0.14/turn              (no ring)
MPRegen  0.10/turn              (no ring)

@: mighty
A: small, mutation resistance 1
a: no special abilities


You were in a sewer.
You visited 1 branch of the dungeon, and saw 4 of its levels.
You also visited: Sewer.

You collected 177 gold pieces.

Inventory:

Hand Weapons
 a - a +1 hunting sling
 b - a +0 short sword
 m - a +2 dagger of speed
 u - a +1 dagger of electrocution (weapon)
Missiles
 d - 37 sling bullets
 t - 152 stones (quivered)
Armour
 c - a +0 leather armour (worn)
 o - a +0 hat (worn)
Jewellery
 j - a ring of see invisible
 r - a +4 ring of evasion
 z - an amulet of regeneration
Wands
 x - a wand of random effects (26)
Scrolls
 e - a scroll of teleportation {unknown}
 f - 2 scrolls of identify {unknown}
 k - 2 scrolls of fog {unknown}
 n - a scroll of amnesia {unknown}
 q - a scroll of blinking {unknown}
 y - a scroll of fear {unknown}
Potions
 h - a potion of mutation {unknown}
 i - 3 potions of attraction
 l - a potion of curing
 p - a potion of brilliance {unknown}
 v - a potion of degeneration {unknown}
 w - a potion of berserk rage {unknown}


   Skills:
 - Level 1.7 Fighting
 + Level 5.4 Short Blades
 - Level 9.7 Slings
 - Level 2.1 Dodging
 - Level 1.1 Stealth


You had 6 spell levels left.
You didn't know any spells.
Your spell library was empty.

Dungeon Overview and Level Annotations

Branches:
Dungeon (4/15)              Sewer (1/1)
 Temple: D:4-7

Altars:
Ashenzari
Nemelex Xobeh
Qazlal
Vehumet
Xom


Innate Abilities, Weirdness & Mutations

You are small and have problems with some larger weapons.
You are somewhat resistant to further mutation.


Message History

You barely miss the river rat. The river rat misses you.
You hit the river rat but do no damage. The river rat misses you.
You hit the river rat.
The river rat is lightly wounded.
The river rat closely misses you.
You completely miss the river rat.
The river rat is lightly wounded.
You closely miss the river rat.
The river rat is lightly wounded.
The river rat bites you!
The river rat twitches its whiskers.
The river rat misses you.
You hit the river rat but do no damage.
The river rat is lightly wounded.
The river rat barely misses you. x2
You hit the river rat but do no damage.
The river rat is lightly wounded.
You closely miss the river rat.
The river rat is lightly wounded.
The river rat closely misses you. The river rat bites you.
* * * LOW HITPOINT WARNING * * *
You hit the river rat but do no damage.
The river rat is lightly wounded.
The river rat bites you.
* * * LOW HITPOINT WARNING * * *
The river rat bites you.
* * * LOW HITPOINT WARNING * * *
The river rat twitches its whiskers.
You feel very mighty all of a sudden. The river rat closely misses you.
The river rat misses you.
You closely miss the river rat.
The river rat is lightly wounded.
The river rat completely misses you. The river rat bites you.
* * * LOW HITPOINT WARNING * * *
You closely miss the river rat.
The river rat is lightly wounded.
You hit the river rat.
The river rat is lightly wounded.
The river rat bites you.
You die...

###
#.#
#.#
#r#
#@#
#r#
#r#
#r#
#.#
#.#
#.#
#.#
#.#


You could see 4 river rats.

Vanquished Creatures
  2 ogres (D:4)
  A scorpion (D:4)
  2 orc wizards (D:4)
  A gnoll (D:3)
  5 river rats (D:4)
  8 adders
  A howler monkey skeleton (D:4)
  An ooze (D:3)
  2 worms
  A dart slug (D:3)
  5 orcs
  3 giant cockroaches
  5 hobgoblins
  3 jackals (D:3)
  A quokka (D:4)
  9 bats
  5 frilled lizards
  8 goblins
  2 kobolds
  10 rats
75 creatures vanquished.

Notes
Turn   | Place    | Note
-------+----------+-------------------------------------------
     0 | D:1      | Drevant2 the Halfling Hunter began the quest for the Orb.
     0 | D:1      | Reached XP level 1. HP: 14/14 MP: 1/1
   107 | D:1      | Reached skill level 6 in Slings
   186 | D:1      | Reached XP level 2. HP: 19/19 MP: 2/2
   690 | D:2      | Reached skill level 7 in Slings
   690 | D:2      | Reached XP level 3. HP: 24/24 MP: 3/3
   971 | D:2      | Reached XP level 4. HP: 22/29 MP: 4/4
  1187 | D:3      | Reached skill level 8 in Slings
  1954 | D:3      | Found a broken altar of Ashenzari.
  2032 | D:4      | Reached XP level 5. HP: 34/34 MP: 5/5
  2036 | D:4      | Noticed an ogre
  2043 | D:4      | Killed an ogre
  2044 | D:4      | Reached skill level 9 in Slings
  2044 | D:4      | Reached XP level 6. HP: 39/39 MP: 6/6
  2085 | D:4      | Reached skill level 1 in Short Blades
  2256 | D:4      | Found a shimmering altar of Xom.
  2262 | D:4      | Noticed an ogre
  2282 | D:4      | Killed an ogre
  2283 | D:4      | Reached XP level 7. HP: 36/44 MP: 7/7
  2307 | D:4      | Found a radiant altar of Vehumet.
  2307 | D:4      | Found a stormy altar of Qazlal.
  2358 | D:4      | Found a sparkling altar of Nemelex Xobeh.
  2522 | D:4      | Reached skill level 5 in Short Blades
  2622 | D:4      | Found a glowing drain.
  2629 | Sewer    | Entered a sewer
  2646 | Sewer    | Slain by a river rat

Illustrated notes

Levels and vault maps discovered:
D:1:      shiori_arrival_maze, layout_rooms
D:2:      layout_loops_cross, minmay_parallelograms
D:3:      layout_rooms, lemuel_coloured_pillars_altar, grunt_decor_mini_mirrors
D:4:      layout_cave_pools, nicolae_overflow_crystal_walls,
          gammafunk_temple_overflow_wave, lightli_sewer_entry_pipes,
          minmay_misc_feat_tiny, xom_teletrap_fun
Sewer:    sewer_kobolds

Skill      XL: |  1  2  3  4  5  6  7 |
---------------+----------------------+-----
Slings         | 6 7 8 9 |  9.7
Short Blades   | 4 5 |  5.4
Fighting       | |  1.7
Dodging        | |  2.1
Stealth        | |  1.1

Action                   |  1- 3 |  4- 6 |  7- 9 || total
-------------------------+-------+-------+-------++-------
Melee: Dagger            |    13 |    79 |    63 ||   155
 Fire: Hunting sling     |    82 |    53 |     9 ||   144
Evoke: Wand              |       |     2 |       ||     2
  Use: Potion            |       |     5 |     3 ||     8
 Stab: Sleeping          |     1 |     3 |     1 ||     5
       Distracted        |     1 |       |       ||     1
Armor: Leather armour    |    10 |     9 |     5 ||    24
Dodge: Dodged            |    26 |    53 |    39 ||   118

Table legend: (Time is in decaauts)
 A = Elapsed time spent in this place.
 B = Non-inter-level travel time spent in this place.
 C = Inter-level travel time spent in this place.
 D = Time resting spent in this place.
 E = Time spent auto-exploring this place.
 F = Levels seen in this place.
 G = Mean time per level.
                   A        B        C        D        E       F      G
               +--------+--------+--------+--------+--------+-----+--------+
         Total |   2609 |   2047 |    562 |    188 |   1299 |   5 |  521.8 |
       Dungeon |   2595 |   2033 |    562 |    188 |   1299 |   4 |  648.8 |
         Sewer |     13 |     13 |      0 |      0 |      0 |   1 |   13.0 |
               +--------+--------+--------+--------+--------+-----+--------+

Top non-repeatable levels by time:
     D:3: 874 daAuts
     D:1: 747 daAuts
     D:4: 604 daAuts
     D:2: 370 daAuts
   Sewer: 13 daAuts
